 Dungeon Crawl Stone Soup version 0.22-a0-460-g49b1da7 (webtiles) character file.

335 Cunctator the Digger (level 6, -3/32 HPs)
             Began as a Gargoyle Earth Elementalist on June 9, 2018.
             Slain by a slave (7 damage)
             ... led by Pikel
             ... on level 3 of the Dungeon.
             The game lasted 00:15:55 (5045 turns).

Cunctator the Digger (Gargoyle Earth Elementalist)  Turns: 5045, Time: 00:15:56

Health: -3/32      AC:  6    Str: 11    XL:     6   Next: 53%
Magic:  10/12      EV: 12    Int: 18    God:
Gold:   141        SH:  0    Dex: 10    Spells: 9/13 levels left

rFire    . . .     SeeInvis .   p - +0 mace
rCold    . . .     Gourm    .   (no shield)
rNeg     + . .     Faith    .   s - +0 robe
rPois    ∞         Spirit   .   (no helmet)
rElec    +         Reflect  .   (no cloak)
rCorr    .         Harm     .   (no gloves)
MR       .....                  (no boots)
Stlth    ++........             (no amulet)
HPRegen  0.10/turn              (no ring)
MPRegen  0.13/turn              (no ring)

@: no status effects
A: negative energy resistance 1, electricity resistance, unbreathing,
petrification resistance, rot immunity, AC +4
a: no special abilities


You were on level 3 of the Dungeon.
You were not hungry.

You visited 1 branch of the dungeon, and saw 4 of its levels.

You collected 141 gold pieces.

Inventory:

Hand Weapons
 j - a +0 club
 p - a +0 mace (weapon)
 q - a +0 scythe
 r - a +0 blowgun
Missiles
 b - 27 stones (quivered)
Armour
 c - a +0 robe
 k - a +0 leather armour
 s - a +0 robe (worn)
Scrolls
 e - a scroll of fear {unknown}
 g - a scroll of enchant weapon {unknown}
 h - 2 scrolls of remove curse {unknown}
 m - 5 scrolls of identify {unknown}
 n - 4 scrolls of teleportation {unknown}
 t - a scroll of enchant armour {unknown}
Potions
 a - 2 potions of curing {unknown}
 f - a potion of resistance {unknown}
 i - 2 potions of might
 l - a potion of experience {unknown}
 o - a potion of brilliance {unknown}
 u - a potion of invisibility {unknown}
Comestibles
 d - 6 rations


   Skills:
 + Level 0.2 Fighting
 + Level 0.3 Maces & Flails
 - Level 1.5 Dodging
 - Level 2.1 Stealth
 - Level 4.1 Spellcasting
 + Level 2.9 Conjurations
   Level 0.7 Transmutations
 + Level 6.0 Earth Magic


You had 9 spell levels left.
You knew the following spells:

 Your Spells              Type           Power        Failure   Level  Hunger
a - Sandblast             Erth           ####..       1%          1    None
b - Stone Arrow           Conj/Erth      ###...       7%          3    ###....

Your spell library contained the following spells:

 Spells                   Type           Power        Failure   Level  Hunger
 Passwall                 Tmut/Erth      ###.....     5%          2    ##.....
 Lee's Rapid Deconstruct  Erth           ####......   34%         5    ######.
 Petrify                  Tmut/Erth      ###.....     36%         4    ####...


Dungeon Overview and Level Annotations

Branches:
Dungeon (4/15)
 Temple: D:4-7

Altars:
Fedhas

Annotations:
D:3 Cunctator's ghost, amateur GrEE
D:4 Pikel


Innate Abilities, Weirdness & Mutations

You are resistant to torment.
Your stone body is resilient. (AC +4)
You are immune to poison.
You resist negative energy. (rN+)
You are resistant to electric shocks. (rElec)
You can survive without breathing.
You are immune to petrification.
You are immune to rotting.


Message History

Aiming: Sandblast (safe; 1% risk of failure)
Press: ? - help, Shift-Dir - straight line, f - orc
Aim: an orc (severely wounded)
The blast of sand hits the orc.
You kill the orc!
b - 28 stones The slave hits you.
* * * LOW HITPOINT WARNING * * *
The slave hits you.
* * * LOW HITPOINT WARNING * * *
Casting: Sandblast (safe; 1% risk of failure)
Confirm with . or Enter, or press ? or * to list all spells.
Aiming: Sandblast (safe; 1% risk of failure)
Press: ? - help, Shift-Dir - straight line, f - slave
Aim: a slave, wearing an animal skin The blast of sand hits the slave.
The slave is moderately wounded.
b - 27 stones The slave hits you!
You die...

#.##.######...........>.# #.#
#.##.# #..........)..#####.#
#.##.# #...#######.#........
#.##.# #...#######.#.#####.#
#.##.# #.............# #.#
#.#..# #...#######...#####.#
#.#.## #...#####.......#....
#.#.#######..p.p...............
#............)@...#.......#.#.#
#...#######.####..###...###.#.#
#...........# #..# #..........
##..####.#######..# #######..##
#..###.#.## #....# #..##
#..##.###.###.#.## #..##
#....## ##......# #..##
##.##.###..##.#.# ##..##
#.###.#.#.##.#.#########.[..#


You could see 2 slaves.

Vanquished Creatures
  Sigmund (D:2)
  A hound (D:4)
  An orc wizard (D:4)
  2 adders (D:2)
  7 worms
  2 dart slugs
  2 leopard geckos (D:3)
  4 orcs
  3 giant cockroaches
  8 goblins
  4 hobgoblins (D:2)
  9 jackals
  13 kobolds
  3 quokkas (D:3)
  6 bats
  5 frilled lizards
  3 rats
74 creatures vanquished.

Notes
Turn   | Place    | Note
-------+----------+-------------------------------------------
     0 | D:1      | Cunctator the Gargoyle Earth Elementalist began the quest for the Orb.
     0 | D:1      | Reached XP level 1. HP: 10/10 MP: 3/3
   708 | D:1      | Reached XP level 2. HP: 15/15 MP: 3/5
   936 | D:1      | Reached skill level 4 in Earth Magic
  1425 | D:2      | Reached XP level 3. HP: 18/19 MP: 5/7
  1763 | D:2      | Reached XP level 4. HP: 24/24 MP: 4/8
  1771 | D:2      | Learned a level 3 spell: Stone Arrow
  1780 | D:2      | Noticed Sigmund
  2972 | D:3      | Noticed Cunctator's ghost (amateur GrEE)
  3051 | D:4      | Reached skill level 1 in Conjurations
  3051 | D:4      | Reached skill level 5 in Earth Magic
  3147 | D:4      | Reached XP level 5. HP: 20/28 MP: 5/10
  3161 | D:4      | HP: 1/28 [jackal (1)]
  3183 | D:4      | HP: 1/28 [jackal (1)]
  3508 | D:4      | Noticed a slave
  3740 | D:2      | Killed Sigmund
  3740 | D:2      | Reached XP level 6. HP: 3/32 MP: 7/12
  4321 | D:2      | Reached skill level 6 in Earth Magic
  4490 | D:2      | Found a blossoming altar of Fedhas.
  5038 | D:4      | Noticed a slave
  5038 | D:4      | Noticed Pikel
  5039 | D:4      | Noticed a slave
  5045 | D:3      | Slain by a slave

Vault maps used:
D:1:      dpeg_arrival_rhombi, hangedman_abyss_or_decor_stabs
D:2:      minmay_kobold_bridge, fedhas_altar_2, first_ration,
          grunt_decor_clamped, uniq_sigmund
D:3:      grunt_ministairs_5
D:4:      lemuel_round_altar, serial_bayou_pond_d, st_stairs_9,
          okawaru_altar_gauntlet_db, uniq_pikel

Skill      XL: |  1  2  3  4  5  6 |
---------------+-------------------+-----
Earth Magic    | 4 5 6 |  6.0
Spellcasting   | 3 4 |  4.1
Conjurations   | 1 2 |  2.9
Fighting       | |  0.2
Maces & Flails | |  0.3
Dodging        | |  1.5
Stealth        | |  2.1
Transmutations | |  0.7

Action                   |  1- 3 |  4- 6 || total
-------------------------+-------+-------++-------
Melee: Unarmed           |    54 |       ||    54
       Club              |    44 |    28 ||    72
       Mace              |       |   102 ||   102
 Cast: Sandblast         |    21 |    26 ||    47
       Stone Arrow       |       |     8 ||     8
  Use: Potion            |       |     1 ||     1
 Stab: Sleeping          |     2 |     2 ||     4
  Eat: Chunk             |     3 |    11 ||    14
Armor: Robe              |    45 |    95 ||   140
Dodge: Dodged            |    61 |   166 ||   227

Table legend:
 A = Spawn XP
 B = Non-spawn XP
 C = Spawn XP percentage of total XP
 D = Spawn monster count
 E = Non-spawn monster count
 F = Spawn count percentage of total count
 G = Total turns spent on level
                    A         B        C        D         E        F      G
               +---------+---------+-------+---------+---------+-------+---------
         Total |       0 |     479 |   0.0 |       0 |      74 |   0.0 |  5045
               +---------+---------+-------+---------+---------+-------+---------
           D:1 |       0 |      24 |   0.0 |       0 |      15 |   0.0 |  1385
           D:2 |       0 |     313 |   0.0 |       0 |      36 |   0.0 |  1699
           D:3 |       0 |      40 |   0.0 |       0 |      15 |   0.0 |  1808
           D:4 |       0 |     102 |   0.0 |       0 |       8 |   0.0 |   153
               +---------+---------+-------+---------+---------+-------+---------
